 Dungeon Crawl Stone Soup version 0.22-a0-422-g9628fc8 (webtiles) character file.

795 Jynxie the Chopper (level 7, -1/66 HPs)
             Began as a Minotaur Monk on May 22, 2018.
             Succumbed to a scorpion's poison
             ... on level 4 of the Dungeon.
             The game lasted 00:10:07 (3012 turns).

Jynxie the Chopper (Minotaur Monk)                  Turns: 3012, Time: 00:10:07

Health: -1/66      AC:  5    Str: 17    XL:     7   Next: 58%
Magic:  6/6        EV: 17    Int:  7    God:
Gold:   180        SH:  0    Dex: 18    Spells: 6/6 levels left

rFire    + . .     SeeInvis .   a - +0 hand axe
rCold    . . .     Gourm    .   (no shield)
rNeg     . . .     Faith    .   g - +0 ring mail
rPois    .         Spirit   .   (helmet restricted)
rElec    .         Reflect  .   (no cloak)
rCorr    .         Harm     .   (no gloves)
MR       .....                  (no boots)
Stlth    +++.......             (no amulet)
HPRegen  0.21/turn              s - ring of protection from fire
MPRegen  0.10/turn              h - ring of stealth

@: agile, lethally poisoned (-1 -> -39)
A: retaliatory headbutt, horns 2
a: no special abilities


You were on level 4 of the Dungeon.
You were hungry.

You visited 1 branch of the dungeon, and saw 4 of its levels.

You collected 180 gold pieces.

Inventory:

Hand Weapons
 a - a +0 hand axe (weapon)
 n - a +0 lajatang
Armour
 g - a +0 ring mail (worn)
 q - a +0 plate armour
Jewellery
 h - a ring of stealth (right hand)
 j - a +4 ring of intelligence
 k - an uncursed ring of ice
 s - a ring of protection from fire (left hand)
Scrolls
 b - 6 scrolls of remove curse
 d - 4 scrolls of teleportation
 e - 2 scrolls of enchant weapon
 f - a scroll of amnesia
Potions
 i - a potion of mutation
 l - a potion of flight
 m - a potion of degeneration {unknown}
 p - a potion of heal wounds {unknown}
 r - a potion of ambrosia {unknown}
 t - a potion of cancellation {unknown}
Comestibles
 c - 10 rations


   Skills:
 * Level 7.4 Fighting
 * Level 7.4 Axes
 + Level 3.4 Throwing
 - Level 3.2 Dodging
 - Level 1.5 Stealth


You had 6 spell levels left.
You didn't know any spells.
Your spell library was empty.

Dungeon Overview and Level Annotations

Branches:
Dungeon (4/15)
 Temple: D:4-7

Altars:
Makhleb
Trog
Yredelemnul
Zin


Innate Abilities, Weirdness & Mutations

You reflexively headbutt those who attack you in melee.
You have a pair of horns on your head.


Message History

The adder bites you.
* * * LOW HITPOINT WARNING * * *
You are more poisoned.
The adder poisons you! The worker ant barely misses you.
The scorpion completely misses you. The adder closely misses you.
You hit the scorpion but do no damage.
The scorpion is moderately wounded.
You barely miss the adder. You hit the worker ant.
* * * LOW HITPOINT WARNING * * *
You feel sick. The worker ant bites you!
* * * LOW HITPOINT WARNING * * *
You are more poisoned.
The worker ant poisons you! The adder closely misses you.
The scorpion stings you!
* * * LOW HITPOINT WARNING * * *
You are more poisoned.
The scorpion poisons you!
It was a potion of agility.
You feel agile all of a sudden.
You die...

#...#...#
#...........#
######..#
#.....).....# #..#
#...........# #..#
#..!........# #...
#...........# #...
#......%.)..# ###.
#..Sas....# ##
#...@...$.# #
####'######## #
#.##.....# #
#.##.....#
#.##.....#
#.##.....#########
#..'.....'........
####.....#########
#######


You could see a scorpion, a worker ant and an adder.

Vanquished Creatures
  Sigmund (D:2)
  An ice beast (D:4)
  A phantom (D:4)
  An ogre (D:4)
  A bullfrog (D:3)
  A scorpion (D:4)
  A hound (D:4)
  2 orc priests (D:3)
  An orc wizard (D:3)
  An iguana (D:4)
  A worker ant zombie (D:4)
  4 adders
  3 worms
  2 dart slugs
  2 leopard geckos
  5 orcs (D:3)
  A bat (D:2)
  A giant cockroach (D:1)
  5 goblins
  3 hobgoblins
  6 jackals
  7 kobolds
  A quokka (D:3)
  2 ball pythons
  4 frilled lizards
  A quokka skeleton (D:4)
  5 rats
64 creatures vanquished.

Notes
Turn   | Place    | Note
-------+----------+-------------------------------------------
     0 | D:1      | Jynxie the Minotaur Monk began the quest for the Orb.
     0 | D:1      | Reached XP level 1. HP: 19/19 MP: 0/0
   632 | D:2      | Reached XP level 2. HP: 27/27 MP: 1/1
   686 | D:2      | Noticed Sigmund
   703 | D:2      | Killed Sigmund
   703 | D:2      | Reached skill level 5 in Fighting
   703 | D:2      | Reached skill level 5 in Axes
   703 | D:2      | Reached skill level 1 in Throwing
   703 | D:2      | Reached XP level 3. HP: 30/36 MP: 2/2
   703 | D:2      | Reached XP level 4. HP: 35/42 MP: 3/3
   703 | D:2      | Reached XP level 5. HP: 40/48 MP: 4/4
  1246 | D:2      | Found a bloodstained altar of Trog.
  1398 | D:3      | Reached XP level 6. HP: 43/57 MP: 5/5
  1706 | D:3      | Found a glowing silver altar of Zin.
  1706 | D:3      | Found a burning altar of Makhleb.
  1718 | D:3      | Noticed an Executioner
  1721 | D:3      | Noticed an angel
  2408 | D:3      | Found a basalt altar of Yredelemnul.
  2568 | D:4      | Reached XP level 7. HP: 24/64 MP: 6/6
  3011 | D:4      | HP: 2/66 [scorpion (7)]
  3012 | D:4      | Succumbed to a scorpion's poison

Vault maps used:
D:1:      minmay_arrival_up_and_down, minmay_tetromino_l2
D:2:      trog_hazing_becter, uniq_sigmund
D:3:      grunt_temple_overflow_order_and_chaos_2, lemuel_round_altar,
          first_ration
D:4:      gup_sewer_entry_pipe, minmay_cupped

Skill      XL: |  1  2  3  4  5  6  7 |
---------------+----------------------+-----
Fighting       | 5 6 7 |  7.4
Axes           | 5 6 7 |  7.4
Throwing       | 1 2 3 |  3.4
Dodging        | |  3.2
Stealth        | |  1.5

Action                   |  1- 3 |  4- 6 |  7- 9 || total
-------------------------+-------+-------+-------++-------
Melee: Hand axe          |    47 |   130 |    52 ||   229
       Headbutt          |     8 |    23 |    13 ||    44
  Use: Scroll            |     4 |     4 |       ||     8
       Potion            |       |       |     1 ||     1
 Stab: Sleeping          |       |     3 |     1 ||     4
  Eat: Chunk             |       |     5 |     1 ||     6
Armor: Ring mail         |    15 |    24 |    12 ||    51
Dodge: Dodged            |    31 |    89 |    31 ||   151

Table legend:
 A = Spawn XP
 B = Non-spawn XP
 C = Spawn XP percentage of total XP
 D = Spawn monster count
 E = Non-spawn monster count
 F = Spawn count percentage of total count
 G = Total turns spent on level
                    A         B        C        D         E        F      G
               +---------+---------+-------+---------+---------+-------+---------
         Total |       0 |    1137 |   0.0 |       0 |      64 |   0.0 |  3012
               +---------+---------+-------+---------+---------+-------+---------
           D:1 |       0 |      11 |   0.0 |       0 |       6 |   0.0 |   629
           D:2 |       0 |     285 |   0.0 |       0 |      20 |   0.0 |   703
           D:3 |       0 |     292 |   0.0 |       0 |      29 |   0.0 |  1124
           D:4 |       0 |     549 |   0.0 |       0 |       9 |   0.0 |   556
               +---------+---------+-------+---------+---------+-------+---------
